 Dungeon Crawl Stone Soup version 0.26-a0-70-g31f1466007 (console) character file.

Game seed: 9313733840597641322

23783 Bikaver the Thaumaturge (level 12, -1/73 HPs)
             Began as a Deep Elf Conjurer on June 13, 2020.
             Was an Elder of Sif Muna.
             Slain by an apocalypse crab (4 damage)
             ... while petrified by an apocalypse crab
             ... on level 2 of the Abyss.
             The game lasted 02:09:12 (24273 turns).

Bikaver the Thaumaturge (Deep Elf Conjurer)        Turns: 24273, Time: 02:09:13

Health: -1/73      AC:  5    Str:  5    XL:     12   Next: 74%
Magic:  27/30      EV:  2    Int: 26    God:    Sif Muna [****..]
Gold:   336        SH:  0    Dex: 15    Spells: 4/36 levels left

rFire    + . .     SeeInvis .   J - staff of fire
rCold    . . .     Gourm    .   (no shield)
rNeg     + + +     Faith    +   x - +0 robe {MR+}
rPois    ∞         Spirit   .   y - +2 hat
rElec    .         Reflect  .   (no cloak)
rCorr    .         Harm     .   (no gloves)
MR       ++...                  i - +0 pair of boots
Stlth    ++........             q - amulet of faith
HPRegen  0.00/turn              (no ring)
MPRegen  0.22/turn              L - ring of wizardry

@: petrified, berserk cooldown, very slightly contaminated, non-regenerating,
badly diseased, slowed, invisible
A: [no potion heal 2]
a: Channel Magic, Forget Spell, Divine Exegesis, Renounce Religion


You were on level 2 of the Abyss.
You worshipped Sif Muna.
Sif Muna was greatly pleased with you.
You were hungry.

You visited 2 branches of the dungeon, and saw 15 of its levels.
You visited the Abyss 1 time.

You collected 991 gold pieces.
You spent 655 gold pieces at shops.

Inventory:

Hand Weapons
 f - a +2 vampiric dagger
 h - a +3 dagger
Armour
 a - a +1 robe
 i - a +0 pair of boots (worn)
 x - a +0 robe of magic resistance (worn)
 y - a +2 hat (worn)
 B - a +2 robe of magic resistance
Magical Staves
 J - an uncursed staff of fire (weapon)
Jewellery
 d - an uncursed ring of ice
 q - an amulet of faith (around neck)
 K - the macabre finger necklace {rN+}
   (You found it on level 2 of the Lair of Beasts)

   [amulet of nothing]

   It protects you from negative energy.
 L - a ring of wizardry (right hand)
Wands
 C - a wand of digging (7)
 E - a wand of polymorph (8)
 I - a wand of acid (7)
Scrolls
 b - a scroll of identify
 e - 10 scrolls of teleportation
 g - a scroll of noise
 w - 5 scrolls of amnesia
 A - 2 scrolls of enchant armour
 D - 4 scrolls of remove curse
 F - a scroll of brand weapon
Potions
 j - 3 potions of brilliance
 k - 3 potions of invisibility
 l - a potion of cancellation
 m - a potion of heal wounds
 n - a potion of berserk rage
 o - a potion of magic
 p - 4 potions of lignification
 r - 4 potions of curing
 s - a potion of haste {unknown}
 t - 4 potions of stabbing
 u - 4 potions of might
 v - 2 potions of resistance
 z - a potion of flight {unknown}
Miscellaneous
 G - a lightning rod (4/4)
Comestibles
 c - 24 rations
 H - a chunk of flesh


   Skills:
 - Level 8.0 Fighting
 - Level 11.0 Dodging
 - Level 2.4 Stealth
 + Level 12.9 Spellcasting
 - Level 12.0 Conjurations
 - Level 4.4 Transmutations
 - Level 7.2 Air Magic
 - Level 5.3 Evocations


You had 4 spell levels left.
You knew the following spells:

 Your Spells              Type           Power        Failure   Level  Hunger
a - Magic Dart            Conj           ####         1%          1    None
b - Searing Ray           Conj           ######       1%          2    None
c - Dazzling Flash        Conj/Hex       #####.       1%          3    None
d - Iskenderun's Mystic   Conj/Tloc      #####...     1%          4    None
e - Lightning Bolt        Conj/Air       ######....   1%          5    ###....
f - Fulminant Prism       Conj/Hex       #####.....   1%          4    None
g - Swiftness             Chrm/Air       #####...     1%          2    None
h - Irradiate             Conj/Tmut      ######....   1%          5    ###....
i - Iron Shot             Conj/Erth      #####.....   17%         6    #####..

Your spell library contained the following spells:

 Spells                   Type           Power        Failure   Level  Hunger
 Shock                    Conj/Air       ####         1%          1    None
 Sting                    Tmut/Pois      ####         1%          1    None
 Corpse Rot               Necr/Air       N/A          1%          2    None
 Poisonous Vapours        Pois/Air       #####.       1%          2    None
 Conjure Flame            Conj/Fire      ######..     1%          3    None
 Spider Form              Tmut/Pois      ####......   1%          3    None
 Stone Arrow              Conj/Erth      #####.       1%          3    None
 Ensorcelled Hibernation  Hex/Ice        ###...       2%          2    None
 Summon Lightning Spire   Summ/Air       #####...     3%          4    None
 Confusing Touch          Hex            ###.....     4%          3    None
 Gell's Gravitas          Tloc           ###.......   4%          3    None
 Ozocubu's Armour         Chrm/Ice       ###.....     4%          3    None
 Spectral Weapon          Hex/Chrm       ###.....     4%          3    None
 Ice Form                 Ice/Tmut       ####....     6%          4    None
 Petrify                  Tmut/Erth      ####....     6%          4    None
 Blade Hands              Tmut           #####.....   6%          5    ###....
 Silence                  Hex/Air        #####.....   9%          5    ###....
 Yara's Violent Unravell  Hex/Tmut       ####......   16%         5    ###....
 Freezing Cloud           Conj/Ice/Air   ######....   16%         6    #####..
 Starburst                Conj/Fire      ######....   17%         6    #####..
 Excruciating Wounds      Chrm/Necr      ###.......   34%         5    ###....
 Metabolic Englaciation   Hex/Ice        ###.......   34%         5    ###....
 Summon Mana Viper        Hex/Summ       ###.....     34%         5    ###....
 Eringya's Noxious Bog    Tmut/Pois      ####......   61%         6    #####..
 Dragon Form              Tmut           #####.....   86%         7    ######.
 Ozocubu's Refrigeration  Ice            ###.......   88%         6    #####..
 Simulacrum               Ice/Necr       ###.......   88%         6    #####..


Dungeon Overview and Level Annotations

Branches:
Dungeon (12/15)            Temple (0/1) D:4            Lair (3/6) D:11
    Orc (0/2) D:9
  Swamp: Lair:2-4    Shoals: Lair:2-4     Snake: Lair:2-4    Spider: Lair:2-4

Altars:
Ashenzari
Dithmenos
Fedhas
Gozag
Hepliaklqana
Makhleb
Okawaru
Ru
Sif Muna
Trog
Uskayaw
Yredelemnul
Zin
The Shining One
Beogh

Shops:
D:4 (   D:11 ([*[*

Annotations:
D:9 Fannar
Lair:1 2 transporters, Giuzximp's ghost, journeyman GnWn
Lair:3 Nergalle; Sonja


Innate Abilities, Weirdness & Mutations

[Potions are poor at restoring your health.]


Message History

The apocalypse crab bites you!
* * * LOW HITPOINT WARNING * * *
You are slowing down.
The apocalypse crab claws you!
* * * LOW HITPOINT WARNING * * *
Your system partially rejects the healing.
You feel much better. The apocalypse crab bites you.
* * * LOW HITPOINT WARNING * * *
You feel your power leaking away. The apocalypse crab claws you!
* * * LOW HITPOINT WARNING * * *
You fade into invisibility!
You are very lightly contaminated with residual magic.
You feel ill.
The apocalypse crab completely misses you.
The apocalypse crab claws you!
* * * LOW HITPOINT WARNING * * *
You feel ill.
You have turned to stone.
The apocalypse crab bites you!
You die...

# ## # .# #. ..
####. .#.# ##*..#
....
##x.##.##..###
##..x####X....# #
.. ##..#@#
#...#.#.xt#...#
###.#.
.##.W##.#.#
#.#..#..#.##....#
#X # ..#. #..#.#
#####.## ...#
.#.... #.....
###..# # .#.# . #
# ...#### ## # ..
.... # .


You could see an ancient zyme (agile), an apocalypse crab, a large abomination
and a wraith.

Vanquished Creatures
  A hydra (Lair:1)
  A centaur warrior (D:11)
  4 oklob plants (Lair:2)
  A manticore (D:10)
  An ugly thing (D:10)
  3 elephants
  Maurice (D:10)
  3 spiny frogs (Lair:1)
  2 centaur skeletons
  4 komodo dragons
  2 trolls
  A merfolk (D:12)
  A hornet (D:8)
  Grinder (D:5)
  4 hippogriffs
  24 yaks
  A vampire (D:11)
  Grum (D:10)
  A wraith (D:11)
  A basilisk (D:8)
  2 hungry ghosts
  8 water moccasins
  10 porcupines
  5 ice beasts
  7 orc warriors
  6 sky beasts
  2 black bears (D:11)
  3 phantoms
  5 ogres
  3 necrophages
  An eye of draining (D:11)
  8 wolves
  7 centaurs
  A crocodile (Lair:1)
  A small abomination (Abyss:2)
  11 bullfrogs
  2 water moccasin zombies
  6 scorpions
  4 wyvern skeletons
  9 killer bees
  10 wights
  4 howler monkeys
  3 crimson imps
  2 centaur zombies
  4 hounds
  2 jellies
  3 quasits
  7 orc priests
  A bullfrog skeleton (D:11)
  14 orc wizards
  3 iguanas
  Natasha (thrice) (D:2)
  8 worker ants
  2 killer bee zombies
  3 hound skeletons
  A howler monkey zombie (D:11)
  A worker ant zombie (D:10)
  16 adders
  4 shadow imps
  2 oozes
  An adder zombie (D:5)
  2 adder skeletons
  A worm (D:2)
  A dart slug (D:3)
  5 leopard geckos
  51 orcs
  3 bats
  2 giant cockroaches
  18 goblins
  11 hobgoblins
  3 jackals (D:6)
  4 quokkas
  2 ball pythons
  5 frilled lizards
  A jackal skeleton (D:5)
  3 kobolds
  5 rats
  4 plants (Lair:2)
374 creatures vanquished.

Vanquished Creatures (others)
  40 fulminant prisms
  59 fungi
  51 plants
150 creatures vanquished.

Grand Total: 524 creatures vanquished

Notes
Turn   | Place    | Note
-------+----------+-------------------------------------------
     0 | D:1      | Bikaver the Deep Elf Conjurer began the quest for the Orb.
     0 | D:1      | Reached XP level 1. HP: 10/10 MP: 6/6
   471 | D:1      | Reached XP level 2. HP: 15/15 MP: 6/8
   613 | D:1      | Reached skill level 5 in Conjurations
   701 | D:1      | Learned a level 2 spell: Searing Ray
  1022 | D:2      | Noticed Natasha
  1029 | D:2      | Killed Natasha
  1029 | D:2      | Reached XP level 3. HP: 19/19 MP: 4/11
  1034 | D:2      | Learned a level 3 spell: Dazzling Flash
  1223 | D:2      | Reached skill level 5 in Spellcasting
  1411 | D:2      | Reached XP level 4. HP: 24/24 MP: 8/13
  1653 | D:2      | Found a shimmering blue altar of Sif Muna.
  1653 | D:2      | Found a blossoming altar of Fedhas.
  1663 | D:2      | Noticed Natasha
  1664 | D:2      | Became a worshipper of Sif Muna the Loreminder
  1676 | D:2      | Killed Natasha
  1904 | D:2      | Noticed Natasha
  1908 | D:2      | Killed Natasha
  2166 | D:3      | Reached XP level 5. HP: 28/28 MP: 10/15
  2374 | D:3      | Noticed a hippogriff
  2385 | D:3      | Killed a hippogriff
  2385 | D:3      | Reached XP level 6. HP: 37/37 MP: 10/17
  2735 | D:3      | Reached * piety under Sif Muna
  3037 | D:3      | Found a shadowy altar of Dithmenos.
  3225 | D:4      | Found Necare Doni's Weapon Boutique.
  3235 | D:4      | Found a hide-covered altar of Uskayaw.
  3451 | D:4      | Found a staircase to the Ecumenical Temple.
  3580 | D:4      | Found a bloodstained altar of Trog.
  3590 | D:4      | Found a hazy altar of Hepliaklqana.
  3609 | D:4      | Found a sacrificial altar of Ru.
  3961 | D:4      | Noticed an angel
  3962 | D:4      | Found a glowing silver altar of Zin.
  4045 | D:5      | Entered Level 5 of the Dungeon
  4086 | D:5      | Noticed Grinder
  4215 | D:6      | Reached skill level 5 in Dodging
  4215 | D:6      | Reached XP level 7. HP: 41/41 MP: 13/18
  4267 | D:6      | Found a burning altar of Makhleb.
  4785 | D:5      | Killed Grinder
  4903 | D:5      | Reached XP level 8. HP: 46/46 MP: 5/19
  5118 | D:5      | Reached ** piety under Sif Muna
  5790 | D:6      | Reached skill level 10 in Dodging
  7091 | D:7      | Reached XP level 9. HP: 43/51 MP: 7/20
  7351 | D:7      | Found an opulent altar of Gozag.
  7578 | D:7      | Learned a level 4 spell: Iskenderun's Mystic Blast
  7607 | D:7      | Reached *** piety under Sif Muna
  7821 | D:7      | Found an iron altar of Okawaru.
  8438 | D:8      | Reached skill level 10 in Spellcasting
  8627 | D:8      | Reached skill level 1 in Evocations
  8741 | D:8      | Reached **** piety under Sif Muna
  9316 | D:8      | Reached skill level 5 in Evocations
  9316 | D:8      | Reached XP level 10. HP: 33/56 MP: 3/26
 10187 | D:9      | Found a shattered altar of Ashenzari.
 10867 | D:9      | Reached skill level 5 in Fighting
 11062 | D:9      | Found a glowing golden altar of the Shining One.
 11270 | D:9      | Found a staircase to the Orcish Mines.
 11313 | D:9      | Found a roughly hewn altar of Beogh.
 11736 | D:9      | Identified a scroll of acquirement
 11737 | D:9      | Got Guoh's Reference Book on the Birds and Bewitchment
 11744 | D:9      | Learned a level 5 spell: Lightning Bolt
 11883 | D:10     | Entered Level 10 of the Dungeon
 11988 | D:10     | Reached ***** piety under Sif Muna
 12059 | D:10     | Noticed Fannar
 12188 | D:9      | Identified Panearoi's Volume of Transformation and Venom
                  | (Sif Muna gifted it to you on level 9 of the Dungeon)
 12188 | D:9      | Received a gift from Sif Muna
 12239 | D:10     | Noticed a manticore
 12461 | D:10     | Killed a manticore
 12675 | D:10     | You fall into a shaft and drop 1 floor!
 12675 | D:11     | Found a staircase to the Lair.
 12766 | D:11     | Noticed a red ugly thing
 12995 | D:10     | Noticed Grum
 13010 | D:10     | Killed Grum
 13064 | D:10     | Noticed Maurice
 13329 | D:10     | Reached skill level 5 in Air Magic
 13353 | D:10     | Reached XP level 11. HP: 64/64 MP: 14/27
 13526 | D:10     | Learned a level 4 spell: Fulminant Prism
 13937 | D:11     | Found Pexurr's Assorted Antiques.
 13969 | D:11     | Bought a sparkling book for 270 gold pieces
 13969 | D:11     | Bought a hardcover book for 270 gold pieces
 14493 | D:11     | Found Cifairub's Assorted Antiques.
 14693 | D:10     | Killed a red ugly thing
 14844 | D:10     | Killed Maurice
 14848 | D:10     | Learned a level 2 spell: Swiftness
 15185 | D:11     | Noticed a centaur warrior
 15196 | D:11     | Killed a centaur warrior
 15434 | D:11     | Found Otall's Armour Emporium.
 15466 | D:11     | Found Uchudgh's Antique Weapon Emporium.
 15665 | D:11     | Identified Sif Muna's Guide on Clay and Enhancements (Sif
                  | Muna gifted it to you on level 11 of the Dungeon)
 15665 | D:11     | Received a gift from Sif Muna
 15673 | D:11     | Learned a level 5 spell: Irradiate
 15721 | D:11     | Bought a peridot ring for 115 gold pieces
 15790 | D:11     | Reached skill level 10 in Conjurations
 15926 | D:11     | Reached skill level 1 in Transmutations
 16236 | D:11     | Found a basalt altar of Yredelemnul.
 16351 | D:11     | Found Ycilenwu's Armour Boutique.
 17284 | D:12     | Noticed a seven-headed hydra
 17309 | D:12     | Noticed a death knight
 17355 | Lair:1   | Entered Level 1 of the Lair of Beasts
 18234 | Lair:1   | Noticed Giuzximp's ghost (journeyman GnWn)
 18243 | Lair:1   | Identified the +3 trident of Durable Defence {drain, rElec
                  | Dex+5}
 18243 | Lair:1   | Noticed a spriggan rider
 18245 | Lair:1   | Found a bloodstained altar of Trog.
 18245 | Lair:1   | Found a transporter.
 18251 | Lair:1   | Found a transporter.
 18901 | Lair:2   | Reached XP level 12. HP: 65/70 MP: 18/28
 19284 | Lair:2   | Noticed a five-headed hydra
 21339 | Lair:2   | Noticed a four-headed hydra
 21622 | Lair:1   | Killed a four-headed hydra
 21891 | Lair:2   | Found the macabre finger necklace {rN+}
 21891 | Lair:2   | Found the +11 plutonium sword {*Contam Stlth-}
 23624 | Lair:2   | Identified the Collected Works on Feathery Intoxication
 23633 | Lair:2   | Learned a level 6 spell: Iron Shot
 23775 | Lair:3   | Noticed Nergalle
 24106 | Lair:3   | Noticed Sonja
 24118 | Lair:3   | Cast into level 2 of the Abyss (Sonja)
 24191 | Abyss:2  | Noticed a great orb of eyes
 24262 | Abyss:2  | Noticed a rakshasa
 24272 | Abyss:2  | HP: 3/73 [apocalypse crab (4)]
 24273 | Abyss:2  | Slain by an apocalypse crab

Illustrated notes

Levels and vault maps discovered:
D:1:      dpeg_arrival_tiny_b, layout_loops_cross
D:2:      kennysheep_the_goblin_king, layout_basic, grunt_temple_overflow_open,
          uniq_natasha
D:3:      corexii_shack_village, layout_loops_ring, overflow_temple_1_default
D:4:      layout_loops_ring, zin_angel, nicolae_ru_the_path_less_chosen,
          lemuel_doored_altar, amethyst_overflow_temple_binary,
          minmay_temple_entry_wispy, serial_shops, shop_statue,
          minmay_stone_trees_small, minivault_26
D:5:      layout_cave_pools, first_ration, uniq_grinder
D:6:      layout_loops_cross, makhleb_grotto_becter
D:7:      layout_basic, kennysheep_okawaru_gauntlet, lemuel_round_altar
D:8:      layout_cave_pools
D:9:      layout_loops_corners, nicolae_ashenzari_panopticon,
          overflow_temple_1_default, minmay_orc_entry_temple_small
D:10:     layout_cross, minmay_misc_feat_enclosed, uniq_fannar, uniq_grum,
          uniq_maurice
D:11:     layout_basic, due_lair_maze_entry_diamond, serial_shops,
          nicolae_shop_competitors_out_of_business, shop, shop,
          nicolae_shop_overgrown_old_shop, kennysheep_little_box, basic_altar
D:12:     minmay_the_grid_octo_tiled_octocenter
          [minmay_the_grid_octo_fat_diamond, minmay_the_grid_octo_toaster,
          minmay_the_grid_octo_teeth, minmay_the_grid_octo_fan_narrow,
          minmay_the_grid_octo_prize_big_c, minmay_the_grid_square_5x5_bite,
          minmay_the_grid_square_5x5_half_checkered,
          minmay_the_grid_square_5x5_z, minmay_the_grid_square_5x5_v],
          layout_basic, hangedman_fish_farm, minmay_microvault
Lair:1:   layout_roguey, gammafunk_ghost_wrathful_warriors
Lair:2:   layout_regular_city, infiniplex_staircase_pool_2,
          minmay_lair_oklob_chamber, grunt_megastairs_4
Lair:3:   layout_loops_ring, guppyfry_snake_entry_garden,
          portal_ice_cave_demonic_guard, uniq_snorg, uniq_sonja, uniq_nergalle
Abyss:2:  base:
D:13

Skill      XL: |  1  2  3  4  5  6  7  8  9 10 11 12 |
---------------+-------------------------------------+-----
Conjurations   | 5 6 7 8 11 12 | 12.0
Spellcasting   | 4 5 6 10 12 | 12.9
Fighting       | 3 6 8 |  8.0
Dodging        | 5 8 11 | 11.0
Evocations     | 5 |  5.3
Air Magic      | 5 7 |  7.2
Transmutations | 4 |  4.4
Stealth        | |  2.4

Action                   |  1- 3 |  4- 6 |  7- 9 | 10-12 || total
-------------------------+-------+-------+-------+-------++-------
Melee: Staff             |       |       |       |     3 ||     3
 Cast: Magic Dart        |    45 |    64 |   157 |   230 ||   496
       Searing Ray       |     4 |    17 |    85 |   137 ||   243
       Dazzling Flash    |       |       |    11 |    12 ||    23
       Iskenderun's Myst |       |       |     1 |    71 ||    72
       Lightning Bolt    |       |       |       |    77 ||    77
       Fulminant Prism   |       |       |       |    40 ||    40
       Swiftness         |       |       |       |     2 ||     2
  Use: Scroll            |     3 |    11 |     3 |    18 ||    35
       Potion            |       |       |       |     4 ||     4
  Eat: Chunk             |     1 |     8 |    17 |    38 ||    64
       Ration            |       |       |       |     5 ||     5
Armor: Robe              |       |       |     7 |    30 ||    37
Dodge: Dodged            |     5 |     5 |    95 |   262 ||   367

Table legend:
 A = Non-vault XP
 B = Vault XP
 C = Vault XP percentage of total XP
 D = Non-vault monster count
 E = Vault monster count
 F = Vault count percentage of total count
                 A         B        C        D         E       F
            +---------+---------+-------+---------+---------+-------
      Total |   26527 |    7450 |  21.9 |     305 |      65 |  17.6
            +---------+---------+-------+---------+---------+-------
        D:1 |      20 |       0 |   0.0 |      12 |       0 |   0.0
        D:2 |     114 |      50 |  30.5 |      12 |       8 |  40.0
        D:3 |     297 |      19 |   6.0 |      21 |       8 |  27.6
        D:4 |     209 |       0 |   0.0 |       8 |       0 |   0.0
        D:5 |     783 |     277 |  26.1 |      17 |       1 |   5.6
        D:6 |     468 |      50 |   9.7 |      15 |       1 |   6.2
        D:7 |    1286 |       3 |   0.2 |      31 |       2 |   6.1
        D:8 |    2479 |       0 |   0.0 |      39 |       0 |   0.0
        D:9 |    1939 |     277 |  12.5 |      31 |      10 |  24.4
       D:10 |    2455 |    1302 |  34.7 |      25 |       8 |  24.2
       D:11 |    4316 |     873 |  16.8 |      42 |       8 |  16.0
       D:12 |     458 |    1453 |  76.0 |       2 |      10 |  83.3
     Lair:1 |    5863 |     242 |   4.0 |      22 |       2 |   8.3
     Lair:2 |    4999 |    2904 |  36.7 |      23 |       7 |  23.3
     Lair:3 |     741 |       0 |   0.0 |       4 |       0 |   0.0
    Abyss:2 |     100 |       0 |   0.0 |       1 |       0 |   0.0
            +---------+---------+-------+---------+---------+-------
